TOP OF THE 1ST |
Kenosha Kingfish batting - Pitching for Montgomery Grey Sox : RHP Mark Phillips
|
Pitching: RHP Mark Phillips
|
|
Batting: LHB Justin McCoy
|
0-0: Ball 1-0: Called Strike 1-1: Ball 2-1: Called Strike 2-2: Strikes out swinging
|
Batting: LHB Pat Williams
|
0-0: Ball 1-0: Ball 2-0: Called Strike 2-1: Swinging Strike 2-2: Ball 3-2: Strikes out swinging
|
Batting: LHB Juan Rodríguez
|
0-0: Ball 1-0: Called Strike 1-1: Swinging Strike 1-2: Ball 2-2: Strikes out looking
|
Top of the 1st over - 0 runs, 0 hits, 0 errors, 0 left on base; Kenosha 0 - Montgomery 0 |
BOTTOM OF THE 1ST |
Montgomery Grey Sox batting - Pitching for Kenosha Kingfish : RHP Kent Bailey
|
Pitching: RHP Kent Bailey
|
|
Batting: LHB Ron Young
|
0-0: Foul Ball, location: 2F 0-1: Ground out 6-3 (Groundball, 6)
|
Batting: RHB Randall James
|
0-0: Ball 1-0: Ball 2-0: Foul Ball, location: 2F 2-1: Called Strike 2-2: Strikes out swinging
|
Batting: RHB Marvin Kidd
|
0-0: Ball 1-0: Called Strike 1-1: Fly out, F8 (Flyball, 8LM)
|
Bottom of the 1st over - 0 runs, 0 hits, 0 errors, 0 left on base; Kenosha 0 - Montgomery 0 |
TOP OF THE 2ND |
Kenosha Kingfish batting - Pitching for Montgomery Grey Sox : RHP Mark Phillips
|
Batting: LHB Marvin MacGruder
|
0-0: Fly out, F7 (Flyball, 78D)
|
Batting: RHB Millard Ferguson
|
0-0: Called Strike 0-1: SINGLE (Flyball, 9LM)
|
Batting: RHB Armando Arellano
|
0-0: Ball 1-0: Called Strike 1-1: Ball 2-1: Called Strike 2-2: Foul Ball, location: 2F 2-2: Foul Ball, location: 2F 2-2: Strikes out swinging
|
Batting: RHB Vicente Rosales
|
0-0: Ball 1-0: Swinging Strike 1-1: Ball 2-1: Fly out, F9 (Line Drive, 9D)
|
Top of the 2nd over - 0 runs, 1 hit, 0 errors, 1 left on base; Kenosha 0 - Montgomery 0 |
BOTTOM OF THE 2ND |
Montgomery Grey Sox batting - Pitching for Kenosha Kingfish : RHP Kent Bailey
|
Batting: RHB Pedro Castro
|
0-0: Ball 1-0: Ball 2-0: SINGLE (Flyball, 7LS)
|
Batting: LHB José Castillo
|
0-0: DOUBLE (Groundball, 3L) Pedro Castro to third
|
Batting: LHB Marcos Féliz
|
0-0: Ball 1-0: Ball 2-0: Called Strike 2-1: Foul Ball, location: 2F 2-2: Foul Ball, location: 2F 2-2: Ground out 6-3 (Groundball, 6D) Pedro Castro scores José Castillo to third
|
Batting: RHB Andrew Lewis
|
0-0: Ball 1-0: Called Strike 1-1: Foul Ball, location: 2F 1-2: Ball 2-2: Ball 3-2: Fly out, F4 (Flyball, 34D)
|
Batting: RHB Joe LaFontaine
|
0-0: Called Strike 0-1: Foul Ball, location: 2F 0-2: Ball 1-2: Ground out 5-3 (Groundball, 56)
|
Bottom of the 2nd over - 1 run, 2 hits, 0 errors, 1 left on base; Kenosha 0 - Montgomery 1 |
TOP OF THE 3RD |
Kenosha Kingfish batting - Pitching for Montgomery Grey Sox : RHP Mark Phillips
|
Batting: RHB Jeff Navarro
|
0-0: Swinging Strike 0-1: Ball 1-1: Ball 2-1: Fly out, F9 (Flyball, 9LS)
|
Batting: SHB José Ayala
|
0-0: Foul Ball, location: 2F 0-1: Called Strike 0-2: Ball 1-2: Strikes out looking
|
Batting: LHB Justin McCoy
|
0-0: SOLO HOME RUN (Flyball, 9LD), Distance : 356 ft
|
Batting: LHB Pat Williams
|
0-0: Called Strike 0-1: Called Strike 0-2: Fly out, F9 (Flyball, 89S)
|
Top of the 3rd over - 1 run, 1 hit, 0 errors, 0 left on base; Kenosha 1 - Montgomery 1 |
BOTTOM OF THE 3RD |
Montgomery Grey Sox batting - Pitching for Kenosha Kingfish : RHP Kent Bailey
|
Batting: RHB Arturo Camacho
|
0-0: Swinging Strike 0-1: Ball 1-1: Foul Ball, location: 2F 1-2: Strikes out swinging
|
Batting: LHB Ron Young
|
0-0: Ball 1-0: Called Strike 1-1: Ball 2-1: Foul Ball, location: 2F 2-2: Fly out, F9 (Line Drive, 89D)
|
Batting: RHB Randall James
|
0-0: Swinging Strike 0-1: DOUBLE (Groundball, 5L)
|
Batting: RHB Marvin Kidd
|
0-0: Ball 1-0: Fly out, F7 (Flyball, 7S)
|
Bottom of the 3rd over - 0 runs, 1 hit, 0 errors, 1 left on base; Kenosha 1 - Montgomery 1 |
TOP OF THE 4TH |
Kenosha Kingfish batting - Pitching for Montgomery Grey Sox : RHP Mark Phillips
|
Batting: LHB Juan Rodríguez
|
0-0: Ball 1-0: Called Strike 1-1: Ball 2-1: Ball 3-1: Called Strike 3-2: DOUBLE (Flyball, 89D)
|
Batting: LHB Marvin MacGruder
|
0-0: Swinging Strike 0-1: Foul Ball, location: 2F 0-2: Foul Ball, location: 2F 0-2: Ball Passed Ball! Juan Rodríguez to third 1-2: Strikes out swinging
|
Batting: RHB Millard Ferguson
|
0-0: Ball 1-0: Foul Ball, location: 2F 1-1: Foul Ball, location: 2F 1-2: Strikes out swinging
|
Batting: RHB Armando Arellano
|
0-0: Ball 1-0: Called Strike 1-1: Swinging Strike 1-2: Strikes out swinging
|
Top of the 4th over - 0 runs, 1 hit, 0 errors, 1 left on base; Kenosha 1 - Montgomery 1 |
BOTTOM OF THE 4TH |
Montgomery Grey Sox batting - Pitching for Kenosha Kingfish : RHP Kent Bailey
|
Batting: RHB Pedro Castro
|
0-0: Called Strike 0-1: Fly out, F4 (Line Drive, 34D)
|
Batting: LHB José Castillo
|
0-0: TRIPLE (Line Drive, 8RXD)
|
Batting: LHB Marcos Féliz
|
0-0: Ball 1-0: Ground out 6-3 (Groundball, 6) José Castillo scores
|
Batting: RHB Andrew Lewis
|
0-0: Swinging Strike 0-1: DOUBLE (Line Drive, 8LXD)
|
Batting: RHB Joe LaFontaine
|
0-0: Called Strike 0-1: Called Strike 0-2: Strikes out looking
|
Bottom of the 4th over - 1 run, 2 hits, 0 errors, 1 left on base; Kenosha 1 - Montgomery 2 |
TOP OF THE 5TH |
Kenosha Kingfish batting - Pitching for Montgomery Grey Sox : RHP Mark Phillips
|
Batting: RHB Vicente Rosales
|
0-0: Ball 1-0: SINGLE (Flyball, 9LS)
|
Batting: RHB Jeff Navarro
|
0-0: Ball 1-0: Ball 2-0: Swinging Strike 2-1: Swinging Strike 2-2: Foul Ball, location: 2F 2-2: Strikes out swinging
|
Batting: SHB José Ayala
|
0-0: Called Strike 0-1: Ball 1-1: Foul Ball, location: 2F 1-2: Fly out, F4 (Line Drive, 4)
|
Batting: LHB Justin McCoy
|
0-0: Ball 1-0: Ball 2-0: Fly out, F9 (Flyball, 89D)
|
Top of the 5th over - 0 runs, 1 hit, 0 errors, 1 left on base; Kenosha 1 - Montgomery 2 |
BOTTOM OF THE 5TH |
Montgomery Grey Sox batting - Pitching for Kenosha Kingfish : RHP Kent Bailey
|
Batting: RHB Arturo Camacho
|
0-0: Called Strike 0-1: Ball 1-1: Ball 2-1: Called Strike 2-2: Fly out, F9 (Line Drive, 9)
|
Batting: LHB Ron Young
|
0-0: Called Strike 0-1: Ball 1-1: Hit by Pitch
|
Pinch Runner at 1st Norman Hopkins:
|
|
Batting: RHB Randall James
|
0-0: Called Strike Norman Hopkins steals 2nd base 0-1: Ball 1-1: Ball Norman Hopkins steals 3rd base 2-1: Foul Ball, location: 2F 2-2: Strikes out swinging
|
Batting: RHB Marvin Kidd
|
0-0: Ball 1-0: Ball 2-0: Fly out, F6 (Popup, 6MD)
|
Bottom of the 5th over - 0 runs, 0 hits, 0 errors, 1 left on base; Kenosha 1 - Montgomery 2 |
TOP OF THE 6TH |
Kenosha Kingfish batting - Pitching for Montgomery Grey Sox : RHP Mark Phillips
|
Now in RF: Norman Hopkins
|
|
Batting: LHB Pat Williams
|
0-0: SINGLE (Flyball, 78S)
|
Batting: LHB Juan Rodríguez
|
0-0: Ball 1-0: Called Strike Pat Williams steals 2nd base 1-1: SINGLE (Flyball, 89S) Pat Williams to third
|
Batting: LHB Marvin MacGruder
|
0-0: Ball 1-0: Ball 2-0: Swinging Strike 2-1: Foul Ball, location: 2F 2-2: Fly out, F8 (Flyball, 8LS) Runner from 3rd tags up, SCORES, no throw
|
Batting: RHB Millard Ferguson
|
0-0: SINGLE (Groundball, 4D) Juan Rodríguez to second
|
Batting: RHB Armando Arellano
|
0-0: Ball 1-0: Ball 2-0: Foul Ball, location: 2F 2-1: SINGLE (Line Drive, 89S) Juan Rodríguez to third Millard Ferguson to second Runner from 3rd tries for Home, throw and OUT!
|
Batting: RHB Vicente Rosales
|
0-0: Swinging Strike 0-1: Ball 1-1: Fly out, F8 (Line Drive, 8RS)
|
Top of the 6th over - 1 run, 4 hits, 0 errors, 2 left on base; Kenosha 2 - Montgomery 2 |
BOTTOM OF THE 6TH |
Montgomery Grey Sox batting - Pitching for Kenosha Kingfish : RHP Kent Bailey
|
Batting: RHB Pedro Castro
|
0-0: Ball 1-0: Ball 2-0: Ground out 6-3 (Groundball, 56)
|
Batting: LHB José Castillo
|
0-0: Ball 1-0: Foul Ball, location: 2F 1-1: Called Strike 1-2: Foul Ball, location: 2F 1-2: Fly out, F8 (Flyball, 8RD)
|
Batting: LHB Marcos Féliz
|
0-0: Called Strike 0-1: Ground out 5-3 (Groundball, 56)
|
Bottom of the 6th over - 0 runs, 0 hits, 0 errors, 0 left on base; Kenosha 2 - Montgomery 2 |
TOP OF THE 7TH |
Kenosha Kingfish batting - Pitching for Montgomery Grey Sox : RHP Mark Phillips
|
Batting: RHB Jeff Navarro
|
0-0: Foul Ball, location: 2F 0-1: Ball 1-1: Swinging Strike 1-2: Ball 2-2: Ball 3-2: Strikes out looking
|
Pinch Hitting: RHB Juan Escalante
|
0-0: Ball 1-0: Ground out 6-3 (Groundball, 6M)
|
Pitching: RHP Tom Reed
|
|
Batting: LHB Justin McCoy
|
0-0: Ball 1-0: Foul Ball, location: 2F 1-1: Foul Ball, location: 2F 1-2: Foul Ball, location: 2F 1-2: Fly out, F9 (Flyball, 9)
|
Top of the 7th over - 0 runs, 0 hits, 0 errors, 0 left on base; Kenosha 2 - Montgomery 2 |
BOTTOM OF THE 7TH |
Montgomery Grey Sox batting - Pitching for Kenosha Kingfish : RHP Kent Bailey
|
Now at 1B: Fernando Martínez
|
|
Batting: RHB Andrew Lewis
|
0-0: Ball 1-0: Ball 2-0: Called Strike 2-1: Foul Ball, location: 2F 2-2: Ball 3-2: Foul Ball, location: 2F 3-2: Foul Ball, location: 2F 3-2: Strikes out swinging
|
Pinch Hitting: SHB Rob Lowe
|
0-0: Called Strike 0-1: Ground out 4-3 (Groundball, 4)
|
Pinch Hitting: RHB Dave McGuire
|
0-0: Called Strike 0-1: Fly out, F3 (Popup, 3F)
|
Bottom of the 7th over - 0 runs, 0 hits, 0 errors, 0 left on base; Kenosha 2 - Montgomery 2 |
TOP OF THE 8TH |
Kenosha Kingfish batting - Pitching for Montgomery Grey Sox : RHP Tom Reed
|
Now at 2B: Alberto García
|
|
Now at SS: António Nevárez
|
|
Batting: LHB Pat Williams
|
0-0: Ball 1-0: Ball 2-0: Foul Ball, location: 2F 2-1: SINGLE (Groundball, 6MD)
|
Batting: LHB Juan Rodríguez
|
Pickoff Throw to First - Out! 0-0: Ball 1-0: Foul Ball, location: 2F 1-1: Ball 2-1: Swinging Strike 2-2: Fly out, F8 (Flyball, 8RM)
|
Batting: LHB Marvin MacGruder
|
0-0: Ball 1-0: Called Strike 1-1: Ball 2-1: Foul Ball, location: 2F 2-2: Foul Ball, location: 2F 2-2: Ball 3-2: SINGLE (Groundball, 56D)
|
Batting: RHB Millard Ferguson
|
0-0: Ball 1-0: Called Strike Throwing error on steal attempt, E2 Marvin MacGruder to third 1-1: Foul Ball, location: 2F 1-2: Fly out, F9 (Flyball, 9S)
|
Top of the 8th over - 0 runs, 2 hits, 1 error, 1 left on base; Kenosha 2 - Montgomery 2 |
BOTTOM OF THE 8TH |
Montgomery Grey Sox batting - Pitching for Kenosha Kingfish : RHP Kent Bailey
|
Pitching: LHP Howard Sigurdson
|
|
Batting: RHB Norman Hopkins
|
0-0: Called Strike 0-1: Ball 1-1: Ball 2-1: Fly out, F9 (Flyball, 9LM)
|
Batting: RHB Randall James
|
0-0: Called Strike 0-1: Ball 1-1: Swinging Strike 1-2: Ball 2-2: Ground out 4-3 (Groundball, 4)
|
Batting: RHB Marvin Kidd
|
0-0: Fly out, F7 (Flyball, 7S)
|
Bottom of the 8th over - 0 runs, 0 hits, 0 errors, 0 left on base; Kenosha 2 - Montgomery 2 |
TOP OF THE 9TH |
Kenosha Kingfish batting - Pitching for Montgomery Grey Sox : RHP Tom Reed
|
Pitching: LHP Mike Waller
|
|
Batting: RHB Armando Arellano
|
0-0: Foul Ball, location: 2F 0-1: Ball 1-1: Foul Ball, location: 2F 1-2: Ball 2-2: Foul Ball, location: 2F 2-2: Ball 3-2: Ground out 6-3 (Groundball, 6D)
|
Batting: RHB Vicente Rosales
|
0-0: Ball 1-0: Swinging Strike 1-1: Ball 2-1: Swinging Strike 2-2: Ball 3-2: Strikes out swinging
|
Batting: RHB Jeff Navarro
|
0-0: Called Strike 0-1: Foul Ball, location: 2F 0-2: Ball 1-2: Ground out 1-3 (Groundball, 15S)
|
Top of the 9th over - 0 runs, 0 hits, 0 errors, 0 left on base; Kenosha 2 - Montgomery 2 |
BOTTOM OF THE 9TH |
Montgomery Grey Sox batting - Pitching for Kenosha Kingfish : LHP Howard Sigurdson
|
Batting: RHB Pedro Castro
|
0-0: Called Strike 0-1: Foul Ball, location: 2F 0-2: Ball 1-2: Strikes out swinging
|
Batting: LHB José Castillo
|
0-0: Called Strike 0-1: Called Strike 0-2: Ball 1-2: Strikes out swinging
|
Pinch Hitting: RHB Jorge Guzmán
|
0-0: Ball 1-0: Foul Ball, location: 2F 1-1: SINGLE (Flyball, 8RS)
|
Pinch Runner at 1st Julius Farmer:
|
|
Batting: RHB Andrew Lewis
|
0-0: Ball 1-0: Ball 2-0: Foul Ball, location: 2F 2-1: Foul Ball, location: 2F 2-2: Reached on error, E5 (Groundball, 56S) Julius Farmer to third
|
Batting: SHB Alberto García
|
0-0: Foul Ball, location: 2F 0-1: Ball 1-1: Foul Ball, location: 2F 1-2: Foul Ball, location: 2F 1-2: Foul Ball, location: 2F 1-2: Strikes out swinging
|
Bottom of the 9th over - 0 runs, 1 hit, 1 error, 2 left on base; Kenosha 2 - Montgomery 2 |
TOP OF THE 10TH |
Kenosha Kingfish batting - Pitching for Montgomery Grey Sox : LHP Mike Waller
|
Now at SS: Julius Farmer
|
|
Batting: RHB Fernando Martínez
|
0-0: Ground out 4-3 (Groundball, 4M)
|
Batting: LHB Justin McCoy
|
0-0: Foul Ball, location: 2F 0-1: SINGLE (Line Drive, 34)
|
Batting: LHB Pat Williams
|
0-0: Ball 1-0: Called Strike 1-1: Foul Ball, location: 2F 1-2: Foul Ball, location: 2F 1-2: Ball 2-2: Strikes out swinging
|
Batting: LHB Juan Rodríguez
|
0-0: Called Strike 0-1: Fly out, F9 (Line Drive, 89S)
|
Top of the 10th over - 0 runs, 1 hit, 0 errors, 1 left on base; Kenosha 2 - Montgomery 2 |
BOTTOM OF THE 10TH |
Montgomery Grey Sox batting - Pitching for Kenosha Kingfish : LHP Howard Sigurdson
|
Batting: RHB António Nevárez
|
0-0: Ball 1-0: Ball 2-0: SINGLE (Line Drive, 89S)
|
Batting: RHB Norman Hopkins
|
0-0: Fly out, F9 (Flyball, 9LD)
|
Batting: RHB Randall James
|
0-0: Foul Ball, location: 2F
|
|
|
|
0-1: Ball 1-1: Ball 2-1: Foul Ball, location: 2F 2-2: Fly out, F9 (Flyball, 89M)
|
Pitching: RHP Pablo Suárez
|
|
Batting: RHB Marvin Kidd
|
0-0: Called Strike 0-1: Ground out 6-3 (Groundball, 6S)
|
Bottom of the 10th over - 0 runs, 1 hit, 0 errors, 1 left on base; Kenosha 2 - Montgomery 2 |
TOP OF THE 11TH |
Kenosha Kingfish batting - Pitching for Montgomery Grey Sox : LHP Mike Waller
|
Pitching: RHP Gabriel Durán
|
|
Batting: LHB Marvin MacGruder
|
0-0: Foul Ball, location: 2F 0-1: SINGLE (Groundball, 56S) (infield hit)
|
Batting: RHB Millard Ferguson
|
0-0: Swinging Strike 0-1: Swinging Strike 0-2: Strikes out looking
|
Batting: RHB Armando Arellano
|
0-0: Foul Ball, location: 2F 0-1: Called Strike 0-2: Ball 1-2: Ball 2-2: Ball 3-2: Fly out, F9 (Flyball, 89M)
|
Pitching: RHP Calvin Bickly
|
|
Pinch Hitting: LHB Luis Martínez
|
0-0: Ball 1-0: Ground out 4-3 (Groundball, 4S)
|
Top of the 11th over - 0 runs, 1 hit, 0 errors, 1 left on base; Kenosha 2 - Montgomery 2 |
BOTTOM OF THE 11TH |
Montgomery Grey Sox batting - Pitching for Kenosha Kingfish : RHP Pablo Suárez
|
Now at 2B: Josh Peterson
|
|
Batting: RHB Pedro Castro
|
0-0: Ground out 6-3 (Groundball, 6)
|
Pitching: LHP Carlos Martínez
|
|
Batting: LHB José Castillo
|
0-0: Ball 1-0: Swinging Strike 1-1: Swinging Strike 1-2: Ground out 4-3 (Groundball, 4)
|
Pitching: LHP José Carlos
|
|
Batting: RHB Julius Farmer
|
0-0: Ball 1-0: Called Strike 1-1: Ball 2-1: Called Strike 2-2: Foul Ball, location: 2F 2-2: Foul Ball, location: 2F 2-2: Strikes out swinging
|
Bottom of the 11th over - 0 runs, 0 hits, 0 errors, 0 left on base; Kenosha 2 - Montgomery 2 |
TOP OF THE 12TH |
Kenosha Kingfish batting - Pitching for Montgomery Grey Sox : RHP Calvin Bickly
|
Batting: RHB Jeff Navarro
|
0-0: Called Strike 0-1: Ball 1-1: Ball 2-1: Foul Ball, location: 2F 2-2: Ground out 1-3 (Groundball, 15)
|
Batting: RHB Fernando Martínez
|
0-0: Foul Ball, location: 2F 0-1: Ball 1-1: Swinging Strike 1-2: Strikes out swinging
|
Batting: LHB Justin McCoy
|
0-0: Ball 1-0: Ball 2-0: Ball 3-0: Called Strike 3-1: Called Strike 3-2: Strikes out looking
|
Top of the 12th over - 0 runs, 0 hits, 0 errors, 0 left on base; Kenosha 2 - Montgomery 2 |
BOTTOM OF THE 12TH |
Montgomery Grey Sox batting - Pitching for Kenosha Kingfish : LHP José Carlos
|
Batting: RHB Andrew Lewis
|
0-0: Ball 1-0: Foul Ball, location: 2F 1-1: Called Strike 1-2: Foul Ball, location: 2F 1-2: Ball 2-2: Fly out, F9 (Flyball, 9S)
|
Batting: SHB Alberto García
|
0-0: Ball 1-0: Foul Ball, location: 2F 1-1: Foul Ball, location: 2F 1-2: Ground out 6-3 (Groundball, 6)
|
Batting: RHB António Nevárez
|
0-0: Called Strike 0-1: Ball 1-1: Foul Ball, location: 2F 1-2: Ball 2-2: DOUBLE (Line Drive, 7D)
|
Batting: RHB Norman Hopkins
|
0-0: Ball 1-0: Ball 2-0: Foul Ball, location: 2F 2-1: Called Strike 2-2: Ball 3-2: Ground out 1-3 (Groundball, P)
|
Bottom of the 12th over - 0 runs, 1 hit, 0 errors, 1 left on base; Kenosha 2 - Montgomery 2 |
TOP OF THE 13TH |
Kenosha Kingfish batting - Pitching for Montgomery Grey Sox : RHP Calvin Bickly
|
Batting: LHB Pat Williams
|
0-0: Called Strike 0-1: Called Strike 0-2: Fly out, F8 (Line Drive, 78M)
|
Batting: LHB Juan Rodríguez
|
0-0: Ball 1-0: Ground out 4-3 (Groundball, 4M)
|
Batting: LHB Marvin MacGruder
|
0-0: Called Strike 0-1: Called Strike 0-2: Ground out 4-3 (Groundball, 4)
|
Top of the 13th over - 0 runs, 0 hits, 0 errors, 0 left on base; Kenosha 2 - Montgomery 2 |
BOTTOM OF THE 13TH |
Montgomery Grey Sox batting - Pitching for Kenosha Kingfish : LHP José Carlos
|
Batting: RHB Randall James
|
0-0: Called Strike 0-1: DOUBLE (Line Drive, 3D)
|
Batting: RHB Marvin Kidd
|
0-0: Intentional Walk
|
Batting: RHB Pedro Castro
|
0-0: Ball 1-0: Ball 2-0: Foul Ball, location: 2F 2-1: Swinging Strike 2-2: Ball 3-2: Strikes out swinging
|
Batting: LHB José Castillo
|
0-0: Called Strike 0-1: 3-RUN HOME RUN (Flyball, 89XD), Distance : 414 ft
|
Saturday, April 7th, 2018 - OOTP Baseball 18.8 Build 76
|
|